 Dungeon Crawl Stone Soup version 0.29-a0-82-g837932c90e (webtiles) character file.

Game seed: 9768773568168787613

60 GrayStillPlays the Fighter (level 4, -1/45 HPs)
             Began as a Gnoll Wanderer on Feb 4, 2022.
             Killed from afar by a white imp (3 damage)
             ... with a puff of frost
             ... summoned by Natasha
             ... on level 2 of the Dungeon.
             The game lasted 00:03:42 (1415 turns).

GrayStillPlays the Fighter (Gnoll Wanderer)         Turns: 1415, Time: 00:03:43

Health: -1/45      AC: 11    Str: 15    XL:     4   Next: 6%
Magic:  5/5        EV:  4    Int: 11    God:
Gold:   47         SH:  4    Dex: 10    Spells: 5/5 levels left

rFire   . . .      SeeInvis .   g - +0 dagger (flame) {short}
rCold   . . .      Faith    .   c - +0 buckler
rNeg    . . .      Spirit   .   j - +0 plate armour
rPois   .          Reflect  .   (no helmet)
rElec   .          Harm     .   (no cloak)
rCorr   .          Rampage  .   (no gloves)
Will    .....                   (no boots)
Stlth   ..........              (no amulet)
HPRegen 0.15/turn               (no ring)
MPRegen 0.09/turn               (no ring)

@: no status effects
A: fangs 1, strong nose, distributed training
a: no special abilities


You were on level 2 of the Dungeon.
You visited 1 branch of the dungeon, and saw 2 of its levels.

You collected 47 gold pieces.


Innate Abilities, Weirdness & Mutations

You have very sharp teeth.
Your uncanny sense of smell can sniff out nearby items.
Your experience applies equally to all skills.


   Skills:
 + Level 8.5 Fighting
 + Level 1.0 Short Blades
 + Level 1.0 Long Blades
 + Level 1.0 Axes
 + Level 1.0 Maces & Flails
 + Level 1.0 Polearms
 + Level 1.0 Staves
 + Level 1.0 Slings
 + Level 1.0 Bows
 + Level 1.0 Crossbows
 + Level 1.0 Throwing
 + Level 2.7 Armour
 + Level 1.0 Dodging
 + Level 2.5 Stealth
 + Level 2.7 Shields
 + Level 6.5 Unarmed Combat
 + Level 1.0 Spellcasting
 + Level 0.7 Conjurations
 + Level 0.7 Hexes
 + Level 0.7 Summonings
 + Level 0.7 Necromancy
 + Level 0.7 Translocations
 + Level 0.7 Transmutations
 + Level 0.7 Fire Magic
 + Level 0.7 Ice Magic
 + Level 0.7 Air Magic
 + Level 0.7 Earth Magic
 + Level 0.7 Poison Magic
 + Level 1.1 Invocations
 + Level 1.0 Evocations


You had 5 spell levels left.
You didn't know any spells.
Your spell library was empty.

Inventory:

Hand Weapons
 a - a +0 club {mace}
 g - a +0 dagger of flaming (weapon) {short}
   (You took it off a goblin on level 1 of the Dungeon)
Missiles
 f - 47 stones (quivered) {throwing}
 i - 5 poisoned darts {throwing}
 k - 15 arrows
Armour
 c - a +0 buckler (worn)
 d - a +0 leather armour
 j - a +0 plate armour (worn)
   (You found it on level 1 of the Dungeon)
Scrolls
 b - a scroll of teleportation {@r4}
 e - 2 scrolls of blinking {!r}
Potions
 l - a potion of magic {unknown}
 m - a potion of curing {unknown}
 n - a potion of lignification {unknown}
 o - 3 potions of resistance {unknown}
 p - a potion of cancellation {unknown}
 q - a potion of berserk rage {unknown}

Dungeon Overview and Level Annotations

Branches:
Dungeon (2/15)

Altars:

Annotations:
D:2 Natasha

#.. ∆ #.# ### #.# #..
... #### #.# #.# ..#...#
#.# #.# ......5##.####.#
......h@.......##
......5..##.....####.###
.........##.#.#.........
......(..##......###.###
#.......###.#.#..###.#
##.....###...........#
...(..# #.#.#.#.##..#
.##### #.#.....##<.#
............###


You could see Natasha, a white imp (summoned) and a shadow imp (summoned).


Message History

You resist with some effort. Natasha claws you but does no damage.
You hit Natasha but do no damage. Natasha claws you but does no damage.
You closely miss Natasha. Your bite misses Natasha.
Natasha stares at you and mumbles some strange words.
The magic dart hits you.
Natasha howls an incantation.
You feel disoriented.
Natasha casts a spell. 😕 HP[-2]
You take 2 damage, and now have 43/45 hp.
You barely miss Natasha.
Natasha mumbles some strange words.
You block the crimson imp's attack.
You closely miss Natasha. Natasha claws you but does no damage.
The crimson imp hits you but does no damage. x2
Natasha claws you but does no damage.
You barely miss Natasha. Your bite misses Natasha. Natasha claws you.
The crimson imp hits you but does no damage.
The white imp hits you but does no damage.
Natasha barely misses you.
The crimson imp barely misses you. 😕 HP[-1]
You take 1 damage, and now have 42/45 hp.
You hit Natasha. You burn Natasha. You bite Natasha.
The white imp gestures at you. You block the puff of frost.
Natasha stares at you and mumbles some strange words.
The magic dart hits you!
The crimson imp hits you but does no damage. 😕 HP[-8]
You take 8 damage, and now have 34/45 hp.
You barely miss Natasha. The white imp gestures at you.
The puff of frost hits you! Natasha barely misses you.
You block the crimson imp's attack.
The white imp shouts, "Slither home, thou rough-hewn weeb-spouting hedge-pig!"
The white imp hits you but does no damage.
The crimson imp sputters.
The crimson imp hits you but does no damage.
Natasha barely misses you. 😮 HP[-8]
You take 8 damage, and now have 26/45 hp.
You closely miss Natasha.
The white imp hits you but does no damage.
Natasha mewls in sadness.
Natasha stares at you and mumbles some strange words.
The magic dart hits you.
* * * LOW HITPOINT WARNING * * *
The crimson imp blinks! 😨 HP[-6]
You take 6 damage, and now have 20/45 hp.
You hit Natasha. You burn Natasha. Your bite misses Natasha.
The white imp gestures at you. The puff of frost hits you.
* * * LOW HITPOINT WARNING * * *
Natasha claws you but does no damage.
The crimson imp blinks!
You block the white imp's attack. 😨 HP[-2]
You take 2 damage, and now have 18/45 hp.
You hit Natasha but do no damage. Natasha claws you.
* * * LOW HITPOINT WARNING * * *
The crimson imp barely misses you.
The white imp hits you but does no damage.
The crimson imp blinks!
Natasha mumbles some strange words. 😨 HP[-2]
You take 2 damage, and now have 16/45 hp.
You miss Natasha. You bite Natasha, but do no damage.
The white imp gestures at you.
The puff of frost hits you but does no damage.
Natasha wildly gestures.
You feel troubled. Natasha claws you!
* * * LOW HITPOINT WARNING * * *
The crimson imp grins evilly.
You block the white imp's attack. 😱 HP[-6]
You take 6 damage, and now have 10/45 hp.
You hit Natasha but do no damage.
The crimson imp disappears in a puff of smoke!
Natasha stares at you and mumbles some strange words.
You resist with some effort.
The shadow imp hits you but does no damage.
The white imp hits you but does no damage.
Natasha claws you!
* * * LOW HITPOINT WARNING * * *
The shadow imp hits you but does no damage. 😱 HP[-8]
You take 8 damage, and now have 2/45 hp.
You hit Natasha but do no damage.
You feel yourself speed up.
The white imp hits you but does no damage.
Natasha claws you but does no damage. You block the shadow imp's attack.
The white imp hits you but does no damage.
You hit Natasha but do no damage. Natasha claws you but does no damage.
You block the shadow imp's attack. The white imp closely misses you.
You miss Natasha. Natasha barely misses you.
The shadow imp hits you but does no damage.
The white imp gestures at you. The puff of frost hits you.
You die...

Skill      XL: |  1  2  3 |
---------------+----------+-----
Invocations    | 1 |  1.1
Short Blades   | 1 |  1.0
Long Blades    | 1 |  1.0
Axes           | 1 |  1.0
Maces & Flails | 1 |  1.0
Polearms       | 1 |  1.0
Staves         | 1 |  1.0
Slings         | 1 |  1.0
Bows           | 1 |  1.0
Crossbows      | 1 |  1.0
Throwing       | 1 |  1.0
Dodging        | 1 |  1.0
Spellcasting   | 1 |  1.0
Evocations     | 1 |  1.0
Fighting       | |  8.5
Armour         | |  2.7
Stealth        | |  2.5
Shields        | |  2.7
Unarmed Combat | |  6.5
Conjurations   | |  0.7
Hexes          | |  0.7
Summonings     | |  0.7
Necromancy     | |  0.7
Translocations | |  0.7
Transmutations | |  0.7
Fire Magic     | |  0.7
Ice Magic      | |  0.7
Air Magic      | |  0.7
Earth Magic    | |  0.7
Poison Magic   | |  0.7

Action                   |  1- 3 |  4- 6 || total
-------------------------+-------+-------++-------
Melee: Unarmed           |    34 |       ||    34
       Club              |     5 |       ||     5
       Bite              |    14 |     2 ||    16
       Dagger            |   104 |    20 ||   124
Throw: Stone             |     6 |     2 ||     8
       Dart              |       |     2 ||     2
 Stab: Sleeping          |     1 |       ||     1
Armor: Leather armour    |    23 |       ||    23
       Plate armour      |    38 |    26 ||    64
Dodge: Dodged            |    59 |     8 ||    67
Block: Buckler           |    17 |     7 ||    24

Levels and vault maps discovered:
D:1:      minmay_arrival_shattered_statue, layout_rooms, basic_ecumenical_altar,
          st_stairs_7, minmay_vboxes
D:2:      layout_loops_ring, serial_glass, glass_columns_a, glass_columns_b,
          glass_columns_a, glass_columns_a, glass_columns_a, kennysheep_potato,
          uniq_natasha

Notes
Turn   | Place    | Note
-------+----------+-------------------------------------------
     0 | D:1      | GrayStillPlays the Gnoll Wanderer began the quest for the
                  | Orb.
     0 | D:1      | GrayStillPlays set off with the following items: a +0 club
                  | {mace}, a scroll of teleportation {@r4}, a +0 buckler, a +0
                  | leather armour, 2 scrolls of blinking {!r}
     0 | D:1      | Reached XP level 1. HP: 26/26 MP: 1/1
     0 | D:1      | magus.rc [v1.9.6]
    59 | D:1      | Found a faded altar of an unknown god.
    98 | D:1      | Reached XP level 2. HP: 23/33 MP: 2/2
   527 | D:1      | Reached XP level 3. HP: 38/38 MP: 3/3
   611 | D:1      | Reached skill level 1 in Invocations
  1284 | D:2      | Reached skill level 1 in Short Blades
  1284 | D:2      | Reached skill level 1 in Long Blades
  1284 | D:2      | Reached skill level 1 in Axes
  1284 | D:2      | Reached skill level 1 in Maces & Flails
  1284 | D:2      | Reached skill level 1 in Polearms
  1284 | D:2      | Reached skill level 1 in Staves
  1284 | D:2      | Reached skill level 1 in Slings
  1284 | D:2      | Reached skill level 1 in Bows
  1284 | D:2      | Reached skill level 1 in Crossbows
  1284 | D:2      | Reached skill level 1 in Throwing
  1284 | D:2      | Reached skill level 1 in Dodging
  1284 | D:2      | Reached skill level 1 in Spellcasting
  1284 | D:2      | Reached skill level 1 in Evocations
  1304 | D:2      | Reached XP level 4. HP: 38/45 MP: 5/5
  1389 | D:2      | Noticed Natasha
  1411 | D:2      | HP: 10/45 [Natasha (7)]
  1412 | D:2      | HP: 2/45 [Natasha (8)]
  1415 | D:2      | Killed from afar by a white imp

Vanquished Creatures
  An adder (D:2)
  2 dart slugs (D:1)
  5 ball pythons (D:1)
  10 endoplasms (D:1)
  A giant cockroach (D:2)
  4 goblins (D:1)
  4 hobgoblins (D:1)
  A quokka (D:1)
  5 bats (D:1)
  3 frilled lizards (D:1)
  5 kobolds (D:1)
  2 rats
43 creatures vanquished.

Table legend:
 A = Non-vault XP
 B = Vault XP
 C = Vault XP percentage of total XP
 D = Non-vault monster count
 E = Vault monster count
 F = Vault count percentage of total count
                 A         B        C        D         E       F
            +---------+---------+-------+---------+---------+-------
      Total |      65 |      22 |  25.3 |      30 |      13 |  30.2
            +---------+---------+-------+---------+---------+-------
        D:1 |      49 |      22 |  31.0 |      27 |      13 |  32.5
        D:2 |      16 |       0 |   0.0 |       3 |       0 |   0.0
            +---------+---------+-------+---------+---------+-------

Illustrated notes

Table legend:
 A = Kills in this place as a percentage of kills in entire the game.
 B = Kills by you in this place as a percentage of kills by you in the entire game.
 C = Kills by friends in this place as a percentage of kills by friends in the entire game.
 D = Other kills in this place as a percentage of other kills in the entire game.
 E = Experience gained in this place as a percentage of experience gained in the entire game.
 F = Experience gained in this place divided by the number of levels of this place that you have seen.
                   A       B       C       D       E      F
               +-------+-------+-------+-------+-------+----------------------
         Total | 100.0 | 100.0 |   N/A |   N/A | 100.0 |  43.5
       Dungeon | 100.0 | 100.0 |   N/A |   N/A | 100.0 |  43.5
               +-------+-------+-------+-------+-------+----------------------

Table legend: (Time is in decaauts)
 A = Elapsed time spent in this place.
 B = Non-inter-level travel time spent in this place.
 C = Inter-level travel time spent in this place.
 D = Time resting spent in this place.
 E = Time spent auto-exploring this place.
 F = Levels seen in this place.
 G = Mean time per level.
                   A        B        C        D        E       F      G
               +--------+--------+--------+--------+--------+-----+--------+
         Total |   1426 |   1418 |      8 |    178 |    858 |   2 |  713.0 |
       Dungeon |   1426 |   1418 |      8 |    178 |    858 |   2 |  713.0 |
               +--------+--------+--------+--------+--------+-----+--------+

Top non-repeatable levels by time:
     D:1: 1256 daAuts
     D:2: 170 daAuts
